 Dungeon Crawl Stone Soup version 0.29.1-15-g9cfb28693d (webtiles) character file.

Game seed: 14377549312092239081

210712 Gabide the Marksdemigod (level 17, -12/149 HPs)
             Began as a Demigod Hunter on Apr 17, 2023.
             Mangled by a boulder beetle (24 damage)
             ... on level 4 of the Spider Nest.
             The game lasted 01:06:46 (28352 turns).

Gabide the Marksdemigod (Demigod Hunter)           Turns: 28352, Time: 01:06:47

Health: -12/149    AC: 13    Str: 12      XL:     17   Next: 56%
Magic:  2/20       EV: 33    Int:  8 (11) God:
Gold:   1409       SH:  0    Dex: 44 (48) Spells: 16/16 levels left

rFire   . . .      SeeInvis .   a - +8 triple crossbow (freeze)
rCold   + + .      Faith    .   (shield currently unavailable)
rNeg    + . .      Spirit   .   O - +4 ring mail of the Aged Loafs {*Corrode rN+ Dex+3}
rPois   +          Reflect  .   f - +0 helmet of Cloud Cover {Dex+8}
rElec   .          Harm     .   W - +1 cloak of the Blizzard {rC+}
rCorr   .          Rampage  .   j - +2 pair of gloves
Will    ++...                   z - +2 pair of boots
Stlth   +++.......              H - amulet of regeneration
HPRegen 1.14/turn               y - ring of willpower
MPRegen 0.17/turn               J - ring "Luadi" {rPois rC+ EV+4}

@: about to teleport, corroded, hasted and slowed
A: high MP 1, forlorn, divine attributes
}: 1/15 runes: decaying
a: no special abilities


You were on level 4 of the Spider Nest.
You visited 6 branches of the dungeon, and saw 31 of its levels.
You also visited: Ice Cave and Volcano.

You collected 4143 gold pieces.
You spent 2734 gold pieces at shops.

Inventory:

Hand Weapons
 a - a +8 triple crossbow of freezing (weapon)
 b - a +9 great sword of freezing
Armour
 f - the +0 helmet of Cloud Cover (worn) {Dex+8}
   (You found it on level 3 of the Spider Nest)

   Dex:       It affects your dexterity (+8).
 j - a +2 pair of gloves (worn)
 s - the +4 robe "Eril Ile" {Contam rC+ rCorr}
   (You found it on level 4 of the Dungeon)

   rC:        It protects you from cold.
   Contam:    It causes magical contamination when unequipped.
   rCorr:     It protects you from acid and corrosion.
 u - the +1 helmet of the Ecumenical Temple {rN+ Will+ Regen+ rCorr Int-5}
   (You found it on level 5 of the Dungeon)

   Int:       It affects your intelligence (-5).
   rN:        It protects you from negative energy.
   Regen:     It increases your rate of health regeneration.
   rCorr:     It protects you from acid and corrosion.
   Will:      It increases your willpower.
 z - a +2 pair of boots (worn)
 O - the +4 ring mail of the Aged Loafs (worn) {*Corrode rN+ Dex+3}
   (You bought it in a shop on level 2 of the Orcish Mines)

   Dex:       It affects your dexterity (+3).
   rN:        It protects you from negative energy.
   *Corrode:  It may corrode you when you take damage.
 W - the +1 cloak of the Blizzard (worn) {rC+}
   (You acquired it on level 2 of the Orcish Mines)

   rC:        It protects you from cold.
Jewellery
 g - an amulet of guardian spirit
 n - a ring of protection from fire
 y - a ring of willpower (left hand)
 H - an amulet of regeneration (around neck)
 I - a ring of protection from cold
 J - the ring "Luadi" (right hand) {rPois rC+ EV+4}
   (You acquired it on level 14 of the Dungeon)

   [ring of evasion]

   EV:        It affects your evasion (+4).
   rC:        It protects you from cold.
   rPois:     It protects you from poison.
 L - the ring "Moutter" {rF+++ rC+++ MP+9 Slay-6 Stlth-}
   (You found it on level 5 of the Lair of Beasts)

   [ring of magical power]

   Slay:      It affects your accuracy & damage with ranged weapons and melee
   (-6).
   rF:        It renders you almost immune to fire.
   rC:        It renders you almost immune to cold.
   MP:        It affects your magic capacity (+9).
   Stlth:     It makes you less stealthy.
 S - a ring of see invisible
Wands
 e - a wand of iceblast (37)
 h - a wand of light (32)
 o - a wand of charming (8)
 q - a wand of polymorph (28)
 r - a wand of mindburst (26)
 E - a wand of flame (24)
Scrolls
 d - 2 scrolls of torment
 l - 4 scrolls of immolation
 t - 11 scrolls of teleportation
 w - 4 scrolls of fog
 D - 2 scrolls of silence
 G - 5 scrolls of magic mapping
 M - a scroll of amnesia
 N - 14 scrolls of identify
 R - 2 scrolls of brand weapon
 U - 4 scrolls of vulnerability
 V - 2 scrolls of poison
 X - 2 scrolls of enchant armour
Potions
 i - 5 potions of invisibility
 k - 6 potions of ambrosia
 m - 18 potions of curing
 p - 5 potions of flight
 v - 2 potions of resistance
 x - 5 potions of mutation
 A - 5 potions of attraction
 C - a potion of cancellation
 F - 3 potions of haste
 K - 2 potions of magic
 T - 5 potions of brilliance
Miscellaneous
 c - a phial of floods
 B - a lightning rod (4/4)
 P - a phial of floods


   Skills:
 - Level 13.0 Fighting
 - Level 17.0 Long Blades
 + Level 18.8 Ranged Weapons
 - Level 9.0 Armour
 - Level 13.0 Dodging
 - Level 3.0 Stealth


You had 16 spell levels left.
You didn't know any spells.
Your spell library contained the following spells:

 Spells                   Type           Power      Damage    Failure   Level
 Magic Dart               Conj           0%         1d3       63%         1
 Sandblast                Erth           0%         2d4       63%         1
 Shock                    Conj/Air       0%         1d3       63%         1
 Sting                    Tmut/Pois      0%         1d3       63%         1
 Summon Small Mammal      Summ           0%         N/A       63%         1
 Passwall                 Tmut/Erth      0%         N/A       77%         2
 Poisonous Vapours        Pois/Air       0%         N/A       77%         2
 Searing Ray              Conj           0%         2d4       77%         2
 Static Discharge         Conj/Air       0%         3-3/arc   77%         2
 Call Canine Familiar     Summ           0%         N/A       94%         3
 Gell's Gravitas          Tloc           0%         N/A       94%         3
 Inner Flame              Hex/Fire       0%         N/A       94%         3
 Portal Projectile        Hex/Tloc       0%         N/A       94%         3
 Summon Guardian Golem    Hex/Summ       0%         N/A       94%         3
 Swiftness                Air            0%         N/A       94%         3
 Teleport Other           Tloc           0%         N/A       94%         3
 Airstrike                Air            0%         2d(0-16)  100%        4
 Cause Fear               Hex            0%         N/A       100%        4
 Corpse Rot               Necr/Pois/Air  0%         N/A       100%        4
 Dispel Undead            Necr           0%         3d6       100%        4
 Fulminant Prism          Conj/Hex       0%         3d6       100%        4
 Iskenderun's Mystic Bla  Conj/Tloc      0%         2d3       100%        4
 Leda's Liquefaction      Hex/Erth       0%         N/A       100%        4
 Olgreb's Toxic Radiance  Pois           0%         N/A       100%        4
 Sticky Flame             Conj/Fire      0%         2d3       100%        4
 Fireball                 Conj/Fire      0%         3d3       100%        5
 Iskenderun's Battlesphe  Conj           0%         2d6       100%        5
 Lee's Rapid Deconstruct  Erth           0%         3d5*      100%        5
 Conjure Ball Lightning   Conj/Air       0%         3x3d6     100%        6
 Death Channel            Necr           0%         N/A       100%        6
 Dispersal                Tloc           0%         N/A       100%        6
 Statue Form              Tmut/Erth      0%         N/A       100%        6
 Orb of Destruction       Conj           0%         9d5       100%        7
 Discord                  Hex            0%         N/A       100%        8
 Shatter                  Erth           0%         3d5*      100%        9


Dungeon Overview and Level Annotations

Branches:
Dungeon (15/15)            Temple (1/1) D:7            Lair (5/5) D:8
  Swamp (4/4) Lair:2       Spider (4/4) Lair:3        Slime (0/5) Lair:4
    Orc (2/2) D:12            Elf (0/3) Orc:2        Vaults (0/5) D:14
 Depths (0/4) D:15          IceCv (visited)         Volcano (visited)

Shops:
D:7 *   D:12 [   D:14 (   Orc:2 ?*[?

Portals:
Abyss: Lair:5


Innate Abilities, Weirdness & Mutations

You have an increased reservoir of magic. (+10% MP)
You shall have no god before yourself.
Your divine heritage dramatically boosts your attributes as you level up.


Message History

* * * LOW HITPOINT WARNING * * *
The entropy weaver hits you.
* * * LOW HITPOINT WARNING * * *
The entropy weaver completely misses you.
The entropy weaver closely misses you. The entropy weaver misses you.
The entropy weaver completely misses you. x2
The entropy weaver hits you.
* * * LOW HITPOINT WARNING * * *
The spark wasp completely misses you. The boulder beetle closely misses you.
You hear an angry buzzing noise.
As you read the scroll of teleportation, it crumbles to dust.
You feel strangely unstable. The entropy weaver hits you.
* * * LOW HITPOINT WARNING * * *
The entropy weaver hits you but does no damage.
The entropy weaver completely misses you.
The entropy weaver hits you!
* * * LOW HITPOINT WARNING * * *
The entropy weaver completely misses you.
The entropy weaver barely misses you.
The entropy weaver hits you but does no damage.
The entropy weaver completely misses you.
The spark wasp completely misses you. The boulder beetle closely misses you.
Unknown command.
Okay, then.
You feel better. The spark wasp completely misses you.
The entropy weaver barely misses you. x2
The entropy weaver hits you but does no damage.
The entropy weaver closely misses you.
A spark wasp comes into view.
A steelbarb worm comes into view.
The entropy weaver barely misses you.
The entropy weaver completely misses you.
The entropy weaver closely misses you. x2; The spark wasp closely misses you.
The entropy weaver hits you.
* * * LOW HITPOINT WARNING * * *
The entropy weaver misses you.
The entropy weaver completely misses you.
The entropy weaver barely misses you.
A steelbarb worm comes into view.
The boulder beetle bites you!!
You die...

## ##! #
#.. #[ #..
##.##..
..y....
#...B##
#.By@#
##.BBBB...#
#wBy##....#
..##.. ..##
... ... .#
.... .... #
..w ....
#w. ##.###
## ##.


You could see 2 boulder beetles, 3 entropy weavers, 2 steelbarb worms, 2 spark
wasps, a torpor snail, 2 pharaoh ants and a meliai.

Vanquished Creatures
  Arachne (Spider:3)
  Rupert (D:13)
  A tentacled monstrosity (Swamp:4)
  Frances (D:14)
  4 thorn hunters (Swamp:4)
  Kirke (Swamp:2)
  Roxanne (Spider:3)
  3 fenstrider witches (Swamp:4)
  An emperor scorpion (Spider:1)
  A reaper (Swamp:4)
  A broodmother (Spider:2)
  3 eleionomae
  2 bunyips (Swamp:4)
  6 entropy weavers
  A spark wasp (Spider:4)
  A dire elephant (D:15)
  Snorg (D:11)
  A blizzard demon (Swamp:4)
  A shambling mangrove (Swamp:4)
  3 vault guards (D:14)
  4 ghost crabs
  17 hydras
  A rakshasa (D:14)
  6 boulder beetles
  6 ogre magi
  A catoblepas (Lair:4)
  A death knight (D:14)
  2 radroaches
  5 alligators
  6 centaur warriors
  Erica (D:10)
  2 tengu warriors
  7 two-headed ogres
  4 death yaks (Lair:3)
  3 thrashing horrors (Lair:5)
  A spriggan berserker (Swamp:4)
  4 large abominations (Lair:5)
  A hell knight (Volcano)
  A soul eater (Swamp:4)
  A sun moth (Spider:3)
  A skeletal warrior (D:14)
  11 pharaoh ants
  A sixfirhy (Swamp:4)
  2 goliath frogs
  6 steelbarb worms
  2 swamp dragons
  Lodul (D:13)
  5 orb spiders
  2 death drakes
  A deep elf archer (D:14)
  4 spriggan druids (Swamp:4)
  2 wizards (D:14)
  5 bog bodies
  A necromancer (IceCv)
  11 orc knights
  Pikel (D:5)
  3 deep elf pyromancers
  17 ugly things
  7 manticores
  19 wolf spiders
  A salamander (D:15)
  3 orc sorcerers
  6 cyclopes
  3 will-o-the-wisps
  A moth of wrath (Spider:3)
  18 elephants
  4 black mambas
  An ice statue (IceCv)
  2 molten gargoyles (Volcano)
  3 smoke demons (Lair:5)
  3 orange demons (Swamp:4)
  2 gargoyles (D:14)
  4 torpor snails
  13 cane toads
  11 demonic crawlers
  A cane toad (shapeshifter) (D:14)
  Psyche (D:9)
  2 rime drakes
  3 hellwings (Swamp:4)
  12 ice devils (IceCv)
  2 unseen horrors
  2 kobold demonologists (D:12)
  2 anaconda simulacra (IceCv)
  11 komodo dragons
  An ancient zyme (Lair:5)
  10 tyrant leeches
  4 meliai
  A meliai (shapeshifter) (D:14)
  A queen bee (Lair:2)
  3 polar bears
  A bloated husk (Swamp:4)
  8 slime creatures
  Grinder (D:5)
  9 trolls
  9 hornets
  16 tarantellas
  29 blink frogs
  22 jumping spiders
  2 jumping spiders (shapeshifter)
  A ynoxinul (Lair:5)
  10 culicivoras
  6 spriggans
  A spriggan (shapeshifter) (Lair:5)
  37 yaks
  A dire elephant simulacrum (IceCv)
  4 wraiths
  2 fire bats (Volcano)
  10 basilisks
  64 redbacks
  4 wyverns
  2 chaos spawn (Swamp:4)
  2 neqoxecs (Swamp:4)
  5 death yak simulacra
  Grum (D:9)
  17 vampire mosquitoes
  A steam dragon (D:9)
  6 wargs (Orc:2)
  A harpy simulacrum (IceCv)
  17 swamp worms
  2 acid dragons
  6 water moccasins
  7 hydra simulacra (IceCv)
  2 ice beasts (D:5)
  2 black bears (D:7)
  35 orc warriors
  7 swamp drakes
  14 ogres
  21 wolves
  6 centaurs
  A lemure (D:5)
  2 phantoms
  A kobold brigand (D:6)
  Blork the orc (D:5)
  9 small abominations (Lair:5)
  12 bullfrogs
  6 scorpions
  A gnoll sergeant (D:8)
  A two-headed ogre simulacrum (D:13)
  A wyvern skeleton (D:6)
  3 cane toad simulacra (IceCv)
  A water moccasin skeleton (D:6)
  15 wights
  33 killer bees
  6 elephant simulacra
  13 howler monkeys
  6 bullfrog zombies (D:6)
  4 lava snakes (Volcano)
  A quasit (D:8)
  4 centaur zombies (D:6)
  6 orc priests
  2 bullfrog skeletons (D:6)
  6 hounds
  A gnoll bouda (D:7)
  A jelly (D:4)
  A centaur skeleton (D:6)
  6 iguanas
  Natasha (thrice) (D:3)
  6 hell rats (Lair:3)
  11 orc wizards
  2 killer bee zombies (D:6)
  6 polar bear simulacra (IceCv)
  2 spriggan simulacra
  3 wolf simulacra (IceCv)
  24 gnolls
  A howler monkey skeleton (D:6)
  13 adders
  4 naga simulacra
  5 shadow imps
  7 white imps
  4 ufetubi
  5 worms
  7 dart slugs
  77 orcs
  4 bats
  11 endoplasms
  6 giant cockroaches
  10 goblins
  5 hobgoblins
  3 jackals (D:2)
  10 kobolds
  6 quokkas
  8 ball pythons
  4 frilled lizards (D:3)
  4 rats
1128 creatures vanquished.

Vanquished Creatures (collateral kills)
  A spriggan (Swamp:4)
1 creature vanquished.

Vanquished Creatures (others)
  A fenstrider witch (Swamp:4)
  A hydra (Swamp:3)
  A deep elf pyromancer (D:14)
  A bloated husk (Swamp:4)
  A hornet (Swamp:4)
  A chaos spawn (Swamp:4)
  3 demonic plants (D:8)
  9 foxfires (Swamp:1)
  32 fungi
  41 plants
  2 withered plants (D:6)
93 creatures vanquished.

Grand Total: 1222 creatures vanquished

Notes
Turn   | Place    | Note
-------+----------+-------------------------------------------
     0 | D:1      | Gabide the Demigod Hunter began the quest for the Orb.
     0 | D:1      | Reached XP level 1. HP: 17/17 MP: 3/3
    75 | D:1      | Reached skill level 1 in Stealth
   190 | D:1      | Reached XP level 2. HP: 5/24 MP: 4/4
   704 | D:1      | Reached XP level 3. HP: 29/29 MP: 5/5
  1245 | D:2      | Reached skill level 4 in Ranged Weapons
  1297 | D:2      | Reached XP level 4. HP: 34/37 MP: 6/6
  1519 | D:2      | Identified the +2 robe of a sewer {rC+ Will- rCorr Str+6}
  1922 | D:2      | Reached XP level 5. HP: 44/44 MP: 7/7
  2443 | D:3      | Noticed Natasha
  2447 | D:3      | Killed Natasha
  2616 | D:3      | Noticed Natasha
  2622 | D:3      | Killed Natasha
  2824 | D:3      | Noticed Natasha
  2827 | D:3      | Killed Natasha
  2995 | D:4      | Identified the +4 robe "Eril Ile" {Contam rC+ rCorr}
  3335 | D:4      | Reached XP level 6. HP: 51/51 MP: 8/8
  3344 | D:4      | Reached skill level 5 in Ranged Weapons
  3506 | D:4      | Reached skill level 1 in Long Blades
  3946 | D:4      | Reached XP level 7. HP: 54/57 MP: 7/9
  4325 | D:4      | Reached skill level 5 in Long Blades
  4636 | D:5      | Entered Level 5 of the Dungeon
  4637 | D:5      | Noticed Blork the orc
  4646 | D:5      | Killed Blork the orc
  4771 | D:5      | Noticed Grinder
  4791 | D:5      | Killed Grinder
  4792 | D:5      | Reached XP level 8. HP: 28/67 MP: 5/10
  5057 | D:5      | Identified the +1 helmet of the Ecumenical Temple {rN+
                  | Will+ Regen+ rCorr Int-5}
  5665 | D:5      | Reached skill level 5 in Fighting
  5665 | D:5      | Reached skill level 5 in Dodging
  5947 | D:6      | Noticed Pikel
  6062 | D:5      | Killed Pikel
  6063 | D:5      | Reached XP level 9. HP: 27/74 MP: 4/11
  7455 | D:7      | Found a staircase to the Ecumenical Temple.
  7845 | D:7      | Found Mutus's CLEARANCE SALE!.
  7852 | D:7      | Bought a scroll of enchant armour for 37 gold pieces
  8221 | D:8      | Reached XP level 10. HP: 59/84 MP: 8/13
  8263 | D:8      | Found a staircase to the Lair.
  8265 | D:8      | Noticed a red ugly thing
  8285 | D:8      | Killed a red ugly thing
  8705 | D:8      | Noticed a white ugly thing
  8752 | D:8      | Identified the +6 long sword of Doubt {drain, Str+4}
  9525 | D:8      | Killed a white ugly thing
  9526 | D:8      | Reached skill level 10 in Long Blades
  9755 | Temple   | Entered the Ecumenical Temple
  9923 | Lair:1   | Entered Level 1 of the Lair of Beasts
  9928 | Lair:1   | Noticed a black mamba
  9935 | Lair:1   | Killed a black mamba
 10322 | Lair:1   | Identified the +4 long sword "Mock" {elec, Dex+4}
 10468 | Lair:2   | Noticed a black mamba
 10478 | Lair:2   | Killed a black mamba
 10610 | Lair:2   | Noticed a black mamba
 10619 | Lair:2   | Killed a black mamba
 10620 | Lair:2   | Reached XP level 11. HP: 94/94 MP: 14/14
 11202 | Lair:2   | Found a staircase to the Swamp.
 11511 | Lair:3   | Found a hole to the Spider Nest.
 11512 | Lair:3   | Identified the +5 whip "Yboal" {holy, rCorr Str+2 Int+4}
 11602 | Lair:3   | Noticed a six-headed hydra
 11615 | Lair:3   | Killed an 11-headed hydra
 11714 | Lair:3   | You fall into a shaft and drop 1 floor!
 11714 | Lair:4   | Found a staircase to the Slime Pits.
 11976 | Lair:4   | Noticed a catoblepas
 12002 | Lair:4   | Killed a catoblepas
 12517 | Lair:3   | Noticed a death yak
 12531 | Lair:4   | Reached XP level 12. HP: 74/104 MP: 10/15
 12638 | Lair:3   | Reached skill level 10 in Dodging
 12644 | Lair:3   | Reached skill level 10 in Fighting
 12838 | Lair:3   | Noticed an eight-headed hydra
 12865 | Lair:3   | Killed a 12-headed hydra
 13137 | Lair:5   | Entered Level 5 of the Lair of Beasts
 13138 | Lair:5   | Noticed a seven-headed hydra
 13142 | Lair:5   | Killed an eight-headed hydra
 13392 | Lair:5   | Noticed a five-headed hydra
 13397 | Lair:5   | Killed a five-headed hydra
 13471 | Lair:5   | Reached XP level 13. HP: 97/114 MP: 13/16
 13859 | Lair:5   | Reached skill level 15 in Long Blades
 14585 | Lair:5   | Found a one-way gate to the infinite horrors of the Abyss.
 14602 | Lair:5   | Identified the ring "Moutter" {rF+++ rC+++ MP+9 Slay-6
                  | Stlth-}
 15108 | D:9      | Noticed Psyche
 15114 | D:9      | Killed Psyche
 15123 | D:9      | Identified the +9 war axe "Zoaf" {vorpal, *Corrode Fly
                  | rElec}
 15228 | D:9      | Noticed Grum
 15244 | D:9      | Killed Grum
 15431 | D:10     | Entered Level 10 of the Dungeon
 15561 | D:10     | Noticed Erica
 15567 | D:10     | Killed Erica
 16638 | D:11     | Noticed Snorg
 16652 | D:11     | Killed Snorg
 16711 | D:11     | Reached XP level 14. HP: 125/125 MP: 17/17
 16728 | D:11     | Identified the +1 hand axe "Fioclou" {drain, rPois rN+
                  | Stlth+}
 16994 | D:12     | Found a staircase to the Orcish Mines.
 17132 | D:12     | Found Ziammapn's Armour Shop.
 17724 | D:13     | Found a frozen archway.
 17782 | IceCv    | Entered an ice cave
 18563 | D:13     | Noticed Lodul
 18587 | D:13     | Killed Lodul
 19002 | D:13     | Noticed Rupert
 19016 | D:13     | Killed Rupert
 19259 | D:14     | Found Medurph's Weapon Boutique.
 19565 | D:14     | Noticed Frances
 19583 | D:14     | Killed Frances
 19591 | D:14     | Identified a scroll of acquirement
 19592 | D:14     | Acquired the ring "Luadi" {rPois rC+ EV+4}
 19752 | D:14     | Reached skill level 6 in Ranged Weapons
 19849 | D:14     | Reached skill level 7 in Ranged Weapons
 19887 | D:14     | Identified the +10 quarterstaff of the Heavens {holy, Drain
                  | rC+ rN+ Str+3}
 19895 | D:14     | Reached XP level 15. HP: 88/135 MP: 18/18
 20265 | D:14     | Reached skill level 8 in Ranged Weapons
 20304 | D:14     | Found a gate to the Vaults.
 20456 | D:15     | Entered Level 15 of the Dungeon
 20499 | D:15     | Reached skill level 9 in Ranged Weapons
 20556 | D:15     | Found a staircase to the Depths.
 21034 | D:15     | Reached skill level 10 in Ranged Weapons
 21361 | Orc:1    | Entered Level 1 of the Orcish Mines
 21691 | Orc:2    | Entered Level 2 of the Orcish Mines
 21717 | Orc:1    | Found a dark tunnel.
 21722 | Volcano  | Entered a volcano
 22303 | Orc:2    | Reached skill level 11 in Ranged Weapons
 22319 | Orc:2    | Found a staircase to the Elven Halls.
 22583 | Orc:2    | Found Itaruad's Antique Armour Boutique.
 22583 | Orc:2    | Found Gorocopt's Magic Scroll Emporium.
 22589 | Orc:2    | Bought a faintly glowing ring mail for 216 gold pieces
 22589 | Orc:2    | Identified the +4 ring mail of the Aged Loafs {*Corrode rN+
                  | Dex+3} (You bought it in a shop on level 2 of the Orcish
                  | Mines)
 22600 | Orc:2    | Bought a scroll of acquirement for 572 gold pieces
 22600 | Orc:2    | Acquired 651 gold pieces
 22602 | Orc:2    | Bought a scroll of summoning for 104 gold pieces
 22602 | Orc:2    | Bought a scroll of identify for 22 gold pieces
 22602 | Orc:2    | Bought a scroll of identify for 22 gold pieces
 22602 | Orc:2    | Bought a scroll of enchant armour for 82 gold pieces
 22602 | Orc:2    | Bought a scroll of identify for 22 gold pieces
 22602 | Orc:2    | Bought a scroll of teleportation for 33 gold pieces
 22739 | Orc:2    | Found Pokeisch's Assorted Antiques.
 22758 | Orc:2    | Bought a potion of invisibility for 280 gold pieces
 22758 | Orc:2    | Bought a potion of invisibility for 280 gold pieces
 22758 | Orc:2    | Bought a scroll of identify for 70 gold pieces
 22817 | Orc:2    | Found Fuyqior's Magic Scroll Boutique.
 22842 | Orc:2    | Bought a scroll of acquirement for 728 gold pieces
 22844 | Orc:2    | Bought a scroll of enchant weapon for 105 gold pieces
 22844 | Orc:2    | Bought a scroll of blinking for 105 gold pieces
 22844 | Orc:2    | Bought a scroll of identify for 28 gold pieces
 22844 | Orc:2    | Bought a scroll of identify for 28 gold pieces
 22844 | Orc:2    | Acquired the +1 cloak of the Blizzard {rC+}
 23081 | Swamp:1  | Entered Level 1 of the Swamp
 23093 | Swamp:1  | Reached skill level 12 in Ranged Weapons
 23275 | Swamp:1  | Acquired a manual of Ranged Weapons
 23698 | Swamp:1  | Reached skill level 13 in Ranged Weapons
 24025 | Swamp:2  | Noticed Kirke
 24029 | Swamp:2  | Killed Kirke
 24082 | Swamp:2  | Identified the +1 helmet of Lethargy {-Tele rC++ Str-2
                  | Dex+10}
 24292 | Swamp:2  | Reached skill level 14 in Ranged Weapons
 24306 | Swamp:3  | Reached skill level 1 in Armour
 24346 | Swamp:3  | Reached XP level 16. HP: 37/143 MP: 19/19
 24776 | Swamp:4  | Entered Level 4 of the Swamp
 24840 | Swamp:4  | Reached skill level 5 in Armour
 25514 | Swamp:4  | Noticed a tentacled monstrosity
 25517 | Swamp:4  | Killed a tentacled monstrosity
 25518 | Swamp:4  | Reached skill level 15 in Ranged Weapons
 25560 | Swamp:4  | Got a decaying rune of Zot
 25720 | Spider:1 | Entered Level 1 of the Spider Nest
 25920 | Spider:1 | Reached skill level 16 in Ranged Weapons
 26506 | Spider:2 | Reached XP level 17. HP: 149/149 MP: 20/20
 26528 | Spider:2 | Reached skill level 17 in Ranged Weapons
 26953 | Spider:2 | Identified the +8 long sword "Kyfolo" {vorpal, Str+4}
 27072 | Spider:3 | Identified the +0 helmet of Cloud Cover {Dex+8}
 27087 | Spider:3 | Identified Roxanne's Compendium of Clay
 27087 | Spider:3 | Noticed Roxanne
 27119 | Spider:3 | Killed Roxanne
 27182 | Spider:3 | Reached skill level 18 in Ranged Weapons
 27357 | Spider:3 | Noticed Arachne
 27375 | Spider:3 | Killed Arachne
 27630 | Spider:4 | Entered Level 4 of the Spider Nest
 28351 | Spider:4 | HP: 6/149 [entropy weaver (12)]
 28352 | Spider:4 | Mangled by a boulder beetle

Illustrated notes

Levels and vault maps discovered:
D:1:      eino_arrival_water_star, layout_basic, shapermc_ecumenical_altar_petra
D:2:      minmay_alternating_diamond, layout_loops_cross, chequers_mini_garden
D:3:      layout_basic, lemuel_doored_altar, uniq_natasha
D:4:      minmay_razor_zed, layout_gridville, xom_teletrap_fun
D:5:      layout_basic, lemuel_tele_altar, nicolae_overflow_crystal_walls,
          minmay_misc_feat_columns, uniq_grinder, uniq_blork_the_orc
D:6:      minmay_skewed_foursquare, layout_basic, mainiacjoe_overflow_24_doors,
          kennysheep_mini, serial_undead, serial_undead_d, serial_undead_e,
          serial_undead_a, serial_undead_b, serial_undead_b, serial_undead_f,
          serial_undead_e, serial_undead_a, serial_undead_c, serial_undead_c,
          nrook_mini_vaults, uniq_pikel
D:7:      layout_loops_corners, kennysheep_mini_moat, nzn_wu_jian_council_hall,
          amcnicky_altar_gilded, grunt_temple_overflow_opulence,
          minmay_temple_entry_from_below_b, nicolae_shop_clearance
D:8:      layout_gridville, nicolae_dithmenos_shadow_blocks, dpeg_oklobed_lair,
          serial_demonic, serial_demonic_f, serial_demonic_e, serial_demonic_c,
          serial_demonic_f, kennysheep_island_fort
D:9:      layout_roguey, mainiacjoe_overflow_alcove_2, uniq_psyche, uniq_grum
D:10:     layout_grid_maze, mainiacjoe_overflow_tiny_flanked, uniq_erica
D:11:     layout_small_grid, nicolae_tso_carved_into_rock, uniq_snorg
D:12:     layout_basic, orc_david_3, serial_shops, shop
D:13:     layout_loops_ring, portal_ice_cave_entry_ice_simulacra,
          due_unseen_surprise, uniq_lodul, uniq_rupert
D:14:     layout_roguey, grunt_vaults_entry_fortified, serial_shops,
          nicolae_shop_trees, serial_glass, glass_columns_a, glass_columns_c,
          glass_columns_c, glass_columns_b, glass_columns_a,
          minmay_hollow_rounded_squares, uniq_frances
D:15:     hangedman_depths_entry_try_elsewhere_first, layout_irregular_city,
          fedhas_altar_3
Temple:   hellmonk_temple_beads
Lair:1:   layout_concentric_octagons
Lair:2:   layout_roguey, minmay_swamp_entry_worms, special_room
          [special_room_bee]
Lair:3:   layout_loops_ring, spider_nest_entry_web_field
Lair:4:   layout_loops_ring, slime_entry_1, st_stairs_5, serial_bayou_shore_a
Lair:5:   hellmonk_lair_end_abyssal_woods, layout_regular_city
Swamp:1:  layout_basic_swamp, nicolae_swamp_very_dense_foliage, swamp_pool5,
          infiniplex_staircase_pool
Swamp:2:  layout_basic_swamp, evilmike_swamp_ruin_rubble_2, swamp_pool5,
          nicolae_swamp_small_spring, uniq_kirke
Swamp:3:  layout_falls_marsh, lemuel_altar_in_water
Swamp:4:  nzn_swamp_witches_coven, layout_basic_swamp
Spider:1: layout_spider_delve
Spider:2: layout_spider_delve
Spider:3: layout_spider_delve, uniq_arachne, uniq_roxanne
Spider:4: hellmonk_spider_rune_bug_friends, nicolae_spider_webbed_stairs
Orc:1:    layout_caves, enter_volcano_4, basic_altar, lightli_orcish_oven
Orc:2:    st_orc_town, layout_caves, basic_altar

Skill      XL: |  1  2  3  4  5  6  7  8  9 10 11 12 13 14 15 16 17 |
---------------+----------------------------------------------------+-----
Stealth        | 1 2 3 |  3.0
Fighting       | 2 3 4 5 6 8 9 10 11 13 | 13.0
Dodging        | 2 3 4 5 6 8 9 10 11 13 | 13.0
Ranged Weapons | 4 5 7 14 16 18 | 18.8
Long Blades    | 3 5 7 9 11 12 14 16 17 | 17.0
Armour         | 2 9 |  9.0

Action                   |  1- 3 |  4- 6 |  7- 9 | 10-12 | 13-15 | 16-18 || total
-------------------------+-------+-------+-------+-------+-------+-------++-------
Melee: Great sword       |       |     5 |   247 |   382 |   710 |       ||  1344
 Fire: Shortbow          |    77 |   208 |   124 |   139 |    25 |       ||   573
       Triple crossbow   |       |       |       |       |   432 |   617 ||  1049
Throw: Throwing net      |       |       |       |     1 |       |       ||     1
Evoke: Wand              |       |       |       |     8 |     1 |       ||     9
  Use: Scroll            |     2 |     8 |     9 |    11 |    27 |     7 ||    64
       Potion            |       |     2 |       |     6 |     4 |    10 ||    22
 Stab: Sleeping          |       |       |     7 |     6 |     9 |       ||    22
       Held in net/web   |       |       |       |     3 |       |       ||     3
       Petrified         |       |       |       |     1 |       |       ||     1
       Invisible         |       |       |       |     2 |     3 |       ||     5
       Distracted        |       |       |       |     1 |     2 |       ||     3
Armor: Leather armour    |     5 |    13 |       |       |       |       ||    18
       Robe              |       |    10 |    90 |   116 |   181 |       ||   397
       Ring mail         |       |       |       |       |    15 |   235 ||   250
Dodge: Dodged            |    10 |    76 |   323 |   566 |  1242 |  1662 ||  3879
